 Dungeon Crawl Stone Soup version 0.30.1-11-g7821555f0a (webtiles) character file.

Game seed: 4798926726283208568

106 Kallu the Digger (level 4, -1/33 HPs)
             Began as a Draconian Earth Elementalist on Jan 3, 2024.
             Slain by a gnoll
             ... wielding a +0 halberd
             ... led by a gnoll bouda
              (2 damage)
             ... on level 3 of the Dungeon.
             The game lasted 00:05:34 (2181 turns).

Kallu the Digger (Draconian Earth Elementalist)     Turns: 2181, Time: 00:05:36

Health: -1/33      AC:  5    Str: 11    XL:     4   Next: 55%
Magic:  6/9        EV: 12    Int: 17    God:
Gold:   61         SH:  0    Dex: 11    Spells: 5/9 levels left

rFire   . . .        a - +2 dagger (holy)
rCold   . . .        (no shield)
rNeg    . . .        (body armour unavailable)
rPois   .            (helmet restricted)
rElec   .            (no cloak)
rCorr   .            (no gloves)
SInv    .            (no boots)
Will    .....        (no amulet)
Stlth   ++           (no ring)
HPRegen 0.25/turn    (no ring)
MPRegen 0.11/turn

%: no passive effects
@: weakened
A: AC +5, unfitting armour, cold-blooded
a: no special abilities


You were on level 3 of the Dungeon.
You visited 1 branch of the dungeon, and saw 3 of its levels.

You collected 61 gold pieces.

Inventory:

Hand Weapons
 a - a +2 dagger of holy wrath (weapon)
Missiles
 m - 5 atropa-tipped darts
Scrolls
 c - a scroll of magic mapping {unknown}
 f - 4 scrolls of identify {unknown}
 g - 3 scrolls of blinking {unknown}
 i - a scroll of amnesia {unknown}
 l - a scroll of teleportation {unknown}
Potions
 b - a potion of magic
 d - a potion of heal wounds {unknown}
 e - a potion of mutation {unknown}
 h - a potion of haste {unknown}
 j - a potion of berserk rage {unknown}
 k - 2 potions of degeneration {unknown}


   Skills:
 - Level 1.7 Dodging
 - Level 1.7 Stealth
 + Level 3.4 Spellcasting
 + Level 0.0 Conjurations
 - Level 1.0 Transmutations
 + Level 4.3 Earth Magic


You had 5 spell levels left.
You knew the following spells:

 Your Spells              Type           Power      Damage    Failure   Level
a - Sandblast             Erth           34%        2d9       2%          1
b - Stone Arrow           Conj/Erth      20%        3d8       21%         3

Your spell library contained the following spells:

 Spells                   Type           Power      Damage    Failure   Level
 Passwall                 Tmut/Erth      10%        N/A       9%          2
 Shock                    Conj/Air       12%        1d3       17%         1
 Swiftness                Air            2%         N/A       45%         3
 Petrify                  Tmut/Erth      12%        N/A       50%         4
 Airstrike                Air            1%         2d(1-17)  86%         4


Dungeon Overview and Level Annotations

Branches:
Dungeon (3/15)

Altars:

Shops:
D:2 !:[*!   D:3 :

Annotations:
D:3 Grinder


Innate Abilities, Weirdness & Mutations

Your plain brown scales are hard. (AC +5)
You cannot fit into any form of body armour.
You are cold-blooded and may be slowed by cold attacks.


Message History

There is a stone staircase leading down here.
You start resting.
Magic restored.
You start resting.
HP restored.
There is an open door here.
You open the door.
There is an open door here.
As you open the door, it creaks loudly!
You can't go down here!
Unknown command.
(D) Dungeon
Where to? (Enter - D:2 @ (x,y), ? - help)
There is an open door here.
You open the door.
There is an open door here.
There is a stone staircase leading down here.
You climb downwards.
Level annotation: Grinder
There is a stone staircase leading up here.
Unknown command.
There is a stone staircase leading up here.
A gnoll bouda is nearby!
The gnoll bouda barks out a call to the hunt!
The blast of sand hits the gnoll bouda.
The gnoll bouda is lightly wounded.
The blast of sand hits the gnoll bouda but does no damage.
The gnoll bouda is lightly wounded.
The gnoll bouda closely misses you.
The gnoll hits you from afar with a +0 halberd.
The gnoll bouda gazes fiercely through you!
You feel your attacks grow feeble.
The gnoll bouda hits you with a +0 whip.
The blast of sand hits the gnoll bouda!
The gnoll bouda is severely wounded.
The gnoll hits you from afar with a +0 halberd!
The gnoll bouda hits you with a +0 whip!
* * * LOW HITPOINT WARNING * * *
The gnoll hits you from afar with a +0 halberd.
You die...

#.##(##.##.....
#.##.##.#####.#
#........g..o#.
####..#####.... #..# #.###
#o.## #.# ##...####.#
###############...(...#.#
#.........@gggo...).....###
#..##.#.######....))).....g
#######..##.#.#
#......g####.#
............#.# #..<...##
##.# .......<.####.#
#.#...## #...
.........####.## #...###
#... ...............# ###.#
#... .......#.......# #.#
#.>. .......######### #.#
.....


You could see a gnoll bouda, an orc priest and 2 gnolls.

Vanquished Creatures
  An orc wizard (D:2)
  2 adders (D:2)
  An ufetubus (D:3)
  11 orcs
  3 endoplasms (D:2)
  A giant cockroach (D:2)
  3 jackals (D:3)
  4 kobolds
  2 quokkas
  5 ball pythons
  6 bats
  A frilled lizard (D:3)
  3 goblins
  4 rats
47 creatures vanquished.

Notes
Turn   | Place    | Note
-------+----------+-------------------------------------------
     0 | D:1      | Kallu the Draconian Earth Elementalist began the quest for
                  | the Orb.
     0 | D:1      | Reached XP level 1. HP: 14/14 MP: 3/3
   244 | D:1      | Reached XP level 2. HP: 20/20 MP: 0/5
   497 | D:1      | You fall into a shaft and drop 1 floor!
   497 | D:2      | Found Doumm's Distillery.
   565 | D:2      | Reached XP level 3. HP: 9/26 MP: 1/7
   655 | D:2      | Found Yggann's General Store.
   810 | D:2      | Found Sojotolarph's Distillery.
   963 | D:2      | Found Wuihas's Armour Shoppe.
  1084 | D:2      | Reached skill level 4 in Earth Magic
  1231 | D:2      | Reached XP level 4. HP: 28/33 MP: 3/8
  1290 | D:2      | Found Gicwyiph's Book Emporium.
  1639 | D:3      | Learned a level 3 spell: Stone Arrow
  1695 | D:3      | Noticed Grinder
  1915 | D:3      | Found Zadimy's Book Emporium.
  2181 | D:3      | HP: 1/33 [gnoll bouda/+0 whip (9)]
  2181 | D:3      | Slain by a gnoll

Illustrated notes

Levels and vault maps discovered:
D:1:      heliophobic_arrival_battle_scene, layout_basic
D:2:      layout_basic, serial_shops, nicolae_shop_tiny_real_fake_doors, shop,
          shop, nicolae_shop_tiny_waterfront, nicolae_shop_real_fake_doors,
          st_stairs_14
D:3:      layout_loops_cross, serial_shops, shop, nicolae_shop_stone,
          minmay_misc_feat_tiny, grunt_ministairs_3,
          nicolae_nh_oracle_at_delphi, uniq_grinder, uniq_sigmund, uniq_ijyb

Skill      XL: |  1  2  3 |
---------------+----------+-----
Spellcasting   | 3 |  3.4
Earth Magic    | 4 |  4.3
Dodging        | |  1.7
Stealth        | |  1.7
Transmutations | |  1.0

Action                     |  1- 3 |  4- 6 || total
---------------------------+-------+-------++-------
  Melee: Unarmed           |     5 |       ||     5
         Dagger            |    18 |    14 ||    32
         Tailslap          |     2 |       ||     2
   Cast: Sandblast         |    34 |    35 ||    69
   Stab: Sleeping          |     2 |       ||     2
 Armour: Skin              |    12 |    17 ||    29
  Dodge: Dodged            |    30 |    22 ||    52
